 Dungeon Crawl Stone Soup version 0.21-a0-401-g0b6bec4 (webtiles) character file.

88 JFDI the Poker (level 4, -2/35 HPs)
             Began as a Merfolk Gladiator on Oct 24, 2017.
             Was a Follower of Yredelemnul.
             Slain by Barriton's ghost (15 damage)
             ... on level 3 of the Dungeon.
             The game lasted 00:02:35 (2778 turns).

JFDI the Poker (Merfolk Gladiator)                  Turns: 2778, Time: 00:02:37

Health: -2/35      AC:  4    Str: 15    XL:     4   Next: 53%
Magic:  4/4        EV: 14    Int:  7    God:    Yredelemnul [*.....]
Gold:   112        SH:  0    Dex: 15    Spells: 3/3 levels left

rFire    . . .     SeeInvis .   a - +0 trident
rCold    . . .     Gourm    .   (no shield)
rNeg     . . .     Faith    .   b - +0 leather armour
rPois    .         Spirit   .   c - +0 helmet
rElec    .         Reflect  .   (no cloak)
rCorr    .         Harm     .   (no gloves)
MR       .....                  (no boots)
Stlth    +.........             (no amulet)
HPRegen  0.11/turn              (no ring)
MPRegen  0.09/turn              (no ring)

@: no status effects
A: change form in water, swift swim, stealthy swim
a: Animate Remains, Renounce Religion


You were on level 3 of the Dungeon.
You worshipped Yredelemnul.
Yredelemnul was aware of your devotion.
You were not hungry.

You visited 1 branch of the dungeon, and saw 3 of its levels.

You collected 112 gold pieces.

Inventory:

Hand Weapons
 a - a +0 trident (weapon)
Missiles
 d - 3 throwing nets (quivered)
 k - 89 stones
Armour
 b - a +0 leather armour (worn)
 c - a +0 helmet (worn)
Scrolls
 e - a scroll of teleportation {unknown}
 g - 6 scrolls of identify {unknown}
 h - 2 scrolls of blinking {unknown}
 i - 2 scrolls of fear {unknown}
 j - a scroll of amnesia {unknown}
 l - a scroll of enchant armour {unknown}
 o - a scroll of immolation {unknown}
Potions
 n - a potion of cancellation {unknown}
 q - a potion of curing {unknown}
Comestibles
 f - 2 bread rations
 m - a meat ration
 p - a royal jelly
 r - a chunk of flesh


   Skills:
 + Level 3.1 Fighting
 * Level 6.2 Polearms
 - Level 2.0 Throwing
 + Level 4.8 Dodging


You had 3 spell levels left.
You didn't know any spells.

Dungeon Overview and Level Annotations

Branches:
Dungeon (3/15)

Altars:
Yredelemnul

Annotations:
D:3 Barriton's ghost, amateur DrBe


Message History

Things that are here:
an uncursed dagger; an uncursed blowgun; 17 poisoned needles Attack whom?
Press: ? - help, Dir - move target cursor, f/p - Barriton's ghost
Aim: Barriton's ghost, wielding a weapon of freezing (lightly damaged)
You reach to attack!
You hit Barriton's ghost.
Barriton's ghost is lightly damaged.
Found 10 stones.
Okay, then.
Found a stone staircase leading down.
Found 2 fizzy grey potions.
Barriton's ghost hits you. Barriton's ghost freezes you.
Unknown command.
A dart slug comes into view.
The dart slug launches a dart at you. The slug dart hits you!
There is a stone staircase leading down here.
Barriton's ghost hits you!
You die...
Your body rises from the dead as a mindless zombie.

.......)).....# .....
####...(......###.#.####
#..<...###.#...........
#.......###.##.........#
.....#..##.....Z........
.......###..##..........
.(#....# #.............#
....#.......(...W......#
...###......##..@......#
.). ..##... #.........#
#.. #!........# ..
.w######.### ... ..#
..... ... .... .. ...


You could see Barriton's ghost, a dart slug and a friendly orc zombie.

Vanquished Creatures
  4 adders
  5 dart slugs
  A leopard gecko (D:2)
  An orc (D:3)
  A giant cockroach (D:1)
  5 goblins
  8 hobgoblins
  A ball python (D:2)
  3 bats
  7 kobolds
  6 rats
42 creatures vanquished.

Vanquished Creatures (others)
  A hobgoblin (D:2)
1 creature vanquished.

Grand Total: 43 creatures vanquished

Notes
Turn   | Place    | Note
-------+----------+-------------------------------------------
     0 | D:1      | JFDI the Merfolk Gladiator began the quest for the Orb.
     0 | D:1      | Reached XP level 1. HP: 16/16 MP: 1/1
   203 | D:1      | Reached XP level 2. HP: 15/23 MP: 2/2
   584 | D:1      | Reached skill level 5 in Polearms
  1469 | D:2      | Reached XP level 3. HP: 27/28 MP: 3/3
  1751 | D:2      | Found a faded altar of an unknown god.
  1763 | D:2      | Became a worshipper of Yredelemnul the Dark
  1763 | D:2      | Reached * piety under Yredelemnul
  1806 | D:2      | Reached XP level 4. HP: 19/34 MP: 4/4
  2131 | D:2      | Reached skill level 6 in Polearms
  2760 | D:3      | Noticed Barriton's ghost (amateur DrBe)
  2778 | D:3      | Slain by Barriton's ghost

Vault maps used:
D:1:      dpeg_arrival_signposts
D:2:      chequers_ecumenical_altar_twisty, lemuel_flame_loot_1
D:3:      first_bread

Skill      XL: |  1  2  3  4 |
---------------+-------------+-----
Polearms       | 5 6 |  6.2
Fighting       | 3 |  3.1
Throwing       | |  2.0
Dodging        | |  4.8

Action                   |  1- 3 |  4- 6 || total
-------------------------+-------+-------++-------
Melee: Trident           |   117 |    55 ||   172
Invok: Animate Remains   |       |     1 ||     1
 Stab: Sleeping          |     1 |     2 ||     3
  Eat: Chunk             |     3 |     3 ||     6
Armor: Leather armour    |    19 |     8 ||    27
Dodge: Dodged            |    65 |    37 ||   102

Table legend:
 A = Spawn XP
 B = Non-spawn XP
 C = Spawn XP percentage of total XP
 D = Spawn monster count
 E = Non-spawn monster count
 F = Spawn count percentage of total count
 G = Total turns spent on level
                    A         B        C        D         E        F      G
               +---------+---------+-------+---------+---------+-------+---------
         Total |       0 |     126 |   0.0 |       0 |      42 |   0.0 |  2778
               +---------+---------+-------+---------+---------+-------+---------
           D:1 |       0 |      30 |   0.0 |       0 |      13 |   0.0 |  1407
           D:2 |       0 |      73 |   0.0 |       0 |      23 |   0.0 |  1257
           D:3 |       0 |      23 |   0.0 |       0 |       6 |   0.0 |   114
               +---------+---------+-------+---------+---------+-------+---------
